AoeStats
← tenkane

Arabia

510515262Analyzed
1v1 RM · 15h ago on Oct 1, 2026· 32m 22s· 2 players
Game mode
Random Map
Map size
Tiny (2 player)
Population
200
Speed
Normal
Resources
Standard
Victory
Conquest
Starting age
Dark Age
Ending age
Imperial Age
RankedLock teamsTeams togetherTeam positionsShared explorationLock speedFull tech treeHidden civsTurbo modeCheats
Victory
Defeat
🇬🇧 Gurjaras · United Kingdom
1325
+15
🇫🇮 Britons · Finland
1306
-15
tenkane
8:02 Loom
10:13 Feudal Age
11:25 Double-Bit Axe
18:06 Fletching
18:17 Padded Archer Armor
23:00 Castle Age
21:08 Padded Archer Armor
21:16 Gold Mining
22:51 Scale Mail Armor
22:55 Stone Mining
24:06 Leather Archer Armor
24:11 Pikeman
25:21 Horse Collar
25:13 Crossbowman
27:56 Bodkin Arrow
31:15 Forging
Tehn
5:45 Loom
8:41 Feudal Age
10:03 Double-Bit Axe
11:40 Horse Collar
19:55 Castle Age
18:18 Gold Mining
19:31 Bloodlines
19:54 Scale Barding Armor
20:16 Forging
23:52 Wheelbarrow
26:23 Chain Barding Armor
30:33 Hand Cart
32:35 Iron Casting
Connection lost

Rejoining the realm…

Still unreachable

The connection could not be restored.

Session expired

The server has moved on; the page needs a fresh start.